 Dungeon Crawl Stone Soup version 0.29.1-12-g30fa7ad0bf (webtiles) character file.

Game seed: 10162928708363963829

2240 GeoRichter the Destroyer (level 9, -4/57 HPs)
             Began as a Demonspawn Fire Elementalist on Dec 15, 2022.
             Was a Follower of Vehumet.
             Slain by Duvessa
             ... wielding a +0 short sword
              (8 damage)
             ... on level 7 of the Dungeon on Dec 16, 2022.
             The game lasted 00:15:57 (7621 turns).

GeoRichter the Destroyer (DsFE)                     Turns: 7621, Time: 00:15:57

Health: -4/57      AC:  6    Str:  8    XL:     9   Next: 14%
Magic:  0/17       EV: 12    Int: 22    God:    Vehumet [*.....]
Gold:   180        SH:  0    Dex: 15    Spells: 11/19 levels left

rFire   . . .      SeeInvis .   c - +1 dagger (vamp) {!w}
rCold   . . .      Faith    .   (no shield)
rNeg    . . .      Spirit   +   a - +0 robe
rPois   .          Reflect  .   (helmet restricted)
rElec   .          Harm     .   l - +2 cloak
rCorr   .          Rampage  .   y - +0 pair of gloves
Will    .....                   (no boots)
Stlth   +++.......              i - amulet of guardian spirit
HPRegen 0.19/turn               (no ring)
MPRegen 0.15/turn               (no ring)

@: invisible
A: antennae 1, thin skeletal structure 1, ignite blood 1
a: Renounce Religion


You were on level 7 of the Dungeon.
You worshipped Vehumet.
Vehumet was aware of your devotion.
You visited 1 branch of the dungeon, and saw 7 of its levels.
You also visited: Sewer.

You collected 466 gold pieces.
You spent 286 gold pieces at shops.

Inventory:

Hand Weapons
 c - a +1 vampiric dagger (weapon) {!w}
   (You took it off a goblin on level 1 of the Dungeon)
Armour
 a - a +0 robe (worn)
 l - a +2 cloak (worn)
   (You found it on level 4 of the Dungeon)
 y - a +0 pair of gloves (worn)
   (You found it on level 6 of the Dungeon)
Jewellery
 i - an amulet of guardian spirit (around neck)
   (You found it on level 1 of the Dungeon)
Wands
 e - a wand of polymorph (8)
   (You took it off Grinder on level 6 of the Dungeon)
 o - a wand of paralysis (18)
   (You found it on level 2 of the Dungeon)
Scrolls
 d - 2 scrolls of fog
 f - 3 scrolls of noise {!r}
 g - a scroll of amnesia {unknown}
 h - a scroll of teleportation {@r4}
 j - a scroll of enchant armour
 k - 2 scrolls of brand weapon
 t - a scroll of immolation {!r}
Potions
 b - 2 potions of magic
 n - 2 potions of brilliance
 p - 2 potions of lignification {!q}
 q - 6 potions of heal wounds {@q2}
 r - 4 potions of flight
 u - 6 potions of curing {@q1}
 w - a potion of might
 x - 2 potions of mutation {!q}


   Skills:
 - Level 1.7 Dodging
 - Level 1.7 Stealth
 + Level 5.9 Spellcasting
 * Level 8.7 Conjurations
 + Level 4.0 Transmutations
 - Level 4.4 Fire Magic


You had 11 spell levels left.
You knew the following spells:

 Your Spells              Type           Power      Damage    Failure   Level
a - Foxfire               Conj/Fire      100%       2x1d9     1%          1
b - Scorch                Fire           50%        2d7       2%          2
c - Irradiate             Conj/Tmut      17%        3d17      19%         5

Your spell library contained the following spells:

 Spells                   Type           Power      Damage    Failure   Level
 Shock                    Conj/Air       100%       1d9       1%          1
 Conjure Flame            Conj/Fire      35%        6-21      1%          3
 Static Discharge         Conj/Air       25%        3-7/arc   2%          2
 Sting                    Tmut/Pois      60%        1d6       4%          1
 Flame Wave               Conj/Fire      35%        2d10      6%          4
 Sticky Flame             Conj/Fire      35%        2d5       6%          4
 Inner Flame              Hex/Fire       16%        N/A       11%         3
 Spider Form              Tmut/Pois      15%        N/A       12%         3
 Poisonous Vapours        Pois/Air       12%        N/A       14%         2
 Sublimation of Blood     Necr           6%         N/A       14%         2
 Call Canine Familiar     Summ           6%         N/A       28%         3
 Portal Projectile        Hex/Tloc       12%        N/A       28%         3
 Summon Guardian Golem    Hex/Summ       6%         N/A       28%         3
 Swiftness                Air            6%         N/A       28%         3
 Petrify                  Tmut/Erth      15%        N/A       38%         4
 Airstrike                Air            3%         2d(1-17)  67%         4
 Corpse Rot               Necr/Pois/Air  6%         N/A       67%         4
 Dispel Undead            Necr           6%         3d8       67%         4
 Leda's Liquefaction      Hex/Erth       3%         N/A       67%         4
 Olgreb's Toxic Radiance  Pois           6%         N/A       67%         4
 Summon Lightning Spire   Summ/Air       6%         N/A       67%         4
 Alistair's Intoxication  Tmut/Pois      10%        N/A       75%         5
 Orb of Destruction       Conj           22%        9d8       91%         7
 Spellforged Servitor     Conj/Summ      12%        N/A       100%        7


Dungeon Overview and Level Annotations

Branches:
Dungeon (7/15) Zot: 26174  Temple (0/1) D:6           Sewer (visited)

Altars:
Okawaru
Qazlal
Trog
Uskayaw
Vehumet
Wu Jian
Xom
Yredelemnul

Shops:
D:6 !

Annotations:
D:6 2 transporters, Henri's ghost, novice FeSu
D:7 Duvessa


Innate Abilities, Weirdness & Mutations

You have a pair of small antennae on your head.
You have a somewhat thin skeletal structure. (Dex +2, Stealth+)
Your demonic aura sometimes causes spilled blood to erupt in flames.


Message History

The ball of steam misses you.
You are engulfed in a cloud of scalding steam.
The foxfire hits the steam dragon. x2
You miscast Scorch.
You are very lightly contaminated with residual magic.
Nothing appears to happen.
You are engulfed in a cloud of scalding steam.
Flames lash the steam dragon.
The steam dragon's fire resistance burns away.
The steam dragon bites you but does no damage.
The steam dragon claws you but does no damage.
Flames lash the steam dragon.
The steam dragon is burned terribly!
The steam dragon bites you. The steam dragon closely misses you.
Flames lash the steam dragon.
The steam dragon is burned terribly!
You kill the steam dragon!
Vehumet accepts your kill.
You feel your power returning.
Your Transmutations skill increases to level 4!
You see here a steam dragon corpse.
Duvessa, Sister of Dowan comes into view.
She is wielding a +0 short sword and carrying a wand of flame (11).
Duvessa goes berserk!
There is a stone staircase leading up here.
You see here a steam dragon corpse.
Your magical contamination has completely faded away.
You conjure some foxfire!
Duvessa rages.
Flames lash Duvessa.
Duvessa's fire resistance burns away.
The foxfire hits Duvessa but does no damage.
The foxfire hits Duvessa!
Duvessa is burned terribly!
Flames lash Duvessa.
Duvessa is burned terribly!
Duvessa hits you with a +0 short sword!
Flames lash Duvessa.
Duvessa is burned terribly!
Duvessa hits you with a +0 short sword!
You don't have enough magic to cast this spell.
You fade into invisibility!
Duvessa hits you with a +0 short sword. Duvessa closely misses you.
You closely miss Duvessa. You hit Duvessa but do no damage.
You punch Duvessa, but do no damage. Duvessa barely misses you.
Duvessa hits you with a +0 short sword!
* * * LOW HITPOINT WARNING * * *
You closely miss Duvessa. Duvessa barely misses you.
You hit Duvessa but do no damage. Duvessa barely misses you.
Duvessa hits you with a +0 short sword.
* * * LOW HITPOINT WARNING * * *
You closely miss Duvessa. Duvessa barely misses you.
You catch the helpless Duvessa completely off-guard!
You hit Duvessa. Duvessa hits you with a +0 short sword!
* * * LOW HITPOINT WARNING * * *
Duvessa hits you with a +0 short sword!
You die...

#.#...#.#####.#
#.>...........#
##....#########
#.#.##
###.#.######## .
#...#.........
.!.
#.############
.....##########e#
).......))).)<†@#
.....############
... .


You could see Duvessa (berserk, unable to see you, combustible).

Vanquished Creatures
  Grinder (D:6)
  A hornet (D:7)
  A steam dragon (D:7)
  2 water moccasins
  An ice beast (D:7)
  2 black bears
  2 ogres
  A centaur (D:7)
  A phantom (D:5)
  A kobold brigand (Sewer)
  2 bullfrogs
  3 scorpions
  Dowan (D:7)
  4 hounds (D:5)
  An orc priest (D:4)
  3 iguanas
  3 orc wizards (D:4)
  6 adders
  4 gnolls
  2 river rats (Sewer)
  A shadow imp (D:5)
  A white imp (D:5)
  An ufetubus (D:5)
  A worm (D:3)
  3 orcs (D:4)
  4 ball pythons
  6 bats
  9 endoplasms
  2 giant cockroaches
  8 goblins
  5 hobgoblins
  2 jackals (Sewer)
  11 kobolds
  3 quokkas
  3 frilled lizards
  11 rats
113 creatures vanquished.

Vanquished Creatures (others)
  A hobgoblin (D:4)
  323 foxfires
  24 plants (D:5)
348 creatures vanquished.

Grand Total: 461 creatures vanquished

Notes
Turn   | Place    | Note
-------+----------+-------------------------------------------
     0 | D:1      | GeoRichter the Demonspawn Fire Elementalist began the quest
                  | for the Orb.
     0 | D:1      | Reached XP level 1. HP: 13/13 MP: 3/3
   117 | D:1      | Gained mutation: You have a somewhat thin skeletal
                  | structure. (Dex +2, Stealth+) [demonic ancestry]
   117 | D:1      | Reached XP level 2. HP: 19/19 MP: 0/5
   549 | D:1      | Reached skill level 2 in Conjurations
   552 | D:1      | Learned a level 2 spell: Scorch
   704 | D:1      | Gained mutation: You have a pair of small antennae on your
                  | head. [demonic ancestry]
   704 | D:1      | Reached XP level 3. HP: 9/24 MP: 0/6
  1484 | D:2      | Reached XP level 4. HP: 30/30 MP: 2/8
  1631 | D:2      | Reached skill level 3 in Conjurations
  2426 | D:3      | Found a basalt altar of Yredelemnul.
  2426 | D:3      | Found a bloodstained altar of Trog.
  2434 | D:3      | Found an iron altar of Okawaru.
  2436 | D:3      | Found a radiant altar of Vehumet.
  2438 | D:3      | Found a stormy altar of Qazlal.
  2443 | D:3      | Became a worshipper of Vehumet
  2588 | D:4      | Reached XP level 5. HP: 14/35 MP: 2/9
  2982 | D:4      | Noticed an ogre
  2990 | D:4      | Reached skill level 4 in Conjurations
  3267 | D:4      | Killed an ogre
  3268 | D:4      | Gained mutation: Your demonic aura sometimes causes spilled
                  | blood to erupt in flames. [demonic ancestry]
  3268 | D:4      | Reached XP level 6. HP: 41/41 MP: 3/11
  3862 | D:4      | Found a hide-covered altar of Uskayaw.
  3993 | D:5      | Entered Level 5 of the Dungeon
  4031 | D:5      | Reached skill level 5 in Conjurations
  4369 | D:5      | Reached XP level 7. HP: 46/46 MP: 6/12
  4434 | D:5      | Found a glowing drain.
  4439 | Sewer    | Entered a sewer
  4586 | Sewer    | Reached * piety under Vehumet
  4586 | Sewer    | Offered knowledge of Shock by Vehumet.
  4614 | Sewer    | Learned a level 5 spell: Irradiate
  5169 | D:5      | Reached skill level 1 in Transmutations
  5418 | D:5      | Reached skill level 6 in Conjurations
  5447 | D:5      | Found an ornate altar of the Wu Jian Council.
  5817 | D:6      | Found a shimmering altar of Xom.
  5920 | D:6      | Found a staircase to the Ecumenical Temple.
  5960 | D:6      | Reached XP level 8. HP: 52/52 MP: 8/14
  6012 | D:6      | Found Hoirygop's Distillery.
  6020 | D:6      | Bought 2 potions of heal wounds for 110 gold pieces
  6020 | D:6      | Bought a potion of mutation for 88 gold pieces
  6020 | D:6      | Bought a potion of mutation for 88 gold pieces
  6088 | D:6      | Noticed Grinder
  6119 | D:6      | Killed Grinder
  6120 | D:6      | Reached skill level 5 in Spellcasting
  6120 | D:6      | Reached skill level 7 in Conjurations
  6366 | D:6      | Found a transporter.
  6456 | D:6      | Noticed a hornet
  6488 | D:6      | Noticed Henri's ghost (novice FeSu)
  6493 | D:6      | Found a transporter.
  6840 | D:7      | Noticed a hornet
  6847 | D:7      | Killed a hornet
  7169 | D:7      | Reached skill level 8 in Conjurations
  7342 | D:7      | Got Novvod's Lessons on Mutable Gusts
  7395 | D:7      | Reached XP level 9. HP: 43/57 MP: 5/17
  7514 | D:7      | Noticed Dowan
  7535 | D:7      | Killed Dowan
  7608 | D:7      | Noticed Duvessa
  7621 | D:7      | Slain by Duvessa

Illustrated notes

Levels and vault maps discovered:
D:1:      mrwooster_arrival_arrow, layout_loops_ring
D:2:      layout_rooms
D:3:      layout_rooms, chequers_temple_overflow_minitemple
D:4:      layout_basic, nicolae_uskayaw_suspiria
D:5:      layout_loops_corners, nicolae_wu_jian_immortal_techniques,
          portal_sewer_entry_e, serial_bayou, serial_bayou_pond_d,
          serial_bayou_crossing, serial_bayou_lagoon_a, serial_bayou_lake_a,
          kennysheep_boxes
D:6:      layout_loops_ring, nicolae_overflow_crystal_walls,
          minmay_temple_entry_junction_2, gammafunk_ghost_hive, serial_shops,
          nicolae_shop_crystal, kennysheep_decorative_pillar, uniq_grinder
D:7:      layout_loops_ring, lemuel_round_altar, mainiacjoe_overflow_alcove_2,
          uniq_duvessa

Skill      XL: |  1  2  3  4  5  6  7  8  9 |
---------------+----------------------------+-----
Conjurations   | 2 3 4 5 6 8 |  8.7
Fire Magic     | 3 4 |  4.4
Spellcasting   | 3 4 5 |  5.9
Transmutations | 1 3 4 |  4.0
Dodging        | |  1.7
Stealth        | |  1.7

Action                   |  1- 3 |  4- 6 |  7- 9 || total
-------------------------+-------+-------+-------++-------
Melee: Dagger            |    44 |    78 |    36 ||   158
       Punch             |       |       |     1 ||     1
 Cast: Foxfire           |    41 |    66 |    83 ||   190
       Scorch            |       |     2 |    35 ||    37
Evoke: Wand              |       |       |     1 ||     1
  Use: Potion            |       |     7 |     1 ||     8
       Scroll            |       |       |    12 ||    12
 Stab: Sleeping          |     6 |     3 |     3 ||    12
       Distracted        |     1 |       |       ||     1
       Paralysed         |       |       |     3 ||     3
       Invisible         |       |       |     1 ||     1
Armor: Robe              |     8 |    24 |    24 ||    56
       Skin              |       |    27 |       ||    27
Dodge: Dodged            |    33 |    48 |    43 ||   124
